 Dungeon Crawl Stone Soup version 0.28.0-43-g3370ac3207 (webtiles) character file.

Game seed: 9318677247160980632

86 Ablot the Grasshopper (level 4, -4/38 HPs)
             Began as a Gnoll Warper on Mar 24, 2022.
             Slain by a gnoll
             ... wielding a +0 halberd
              (8 damage)
             ... on level 3 of the Dungeon.
             The game lasted 00:02:41 (3734 turns).

Ablot the Grasshopper (Gnoll Warper)                Turns: 3734, Time: 00:02:41

Health: -4/38      AC:  4    Str: 12    XL:     4   Next: 50%
Magic:  11/11      EV: 13    Int: 12    God:
Gold:   125        SH:  0    Dex: 12    Spells: 11/13 levels left

rFire   . . .      SeeInvis .   a - +0 spear
rCold   . . .      Faith    .   (no shield)
rNeg    . . .      Spirit   .   b - +0 leather armour
rPois   .          Reflect  .   (no helmet)
rElec   .          Harm     .   (no cloak)
rCorr   .          Rampage  .   m - +0 pair of gloves
Will    .....                   (no boots)
Stlth   +.........              (no amulet)
HPRegen 0.12/turn               (no ring)
MPRegen 0.12/turn               (no ring)

@: no status effects
A: fangs 1, strong nose, distributed training
a: no special abilities


You were on level 3 of the Dungeon.
You visited 1 branch of the dungeon, and saw 3 of its levels.

You collected 125 gold pieces.

Inventory:

Hand Weapons
 a - a +0 spear (weapon)
Missiles
 d - 5 boomerangs of dispersal (quivered)
 e - 73 stones
 h - 8 sling bullets
Armour
 b - a +0 leather armour (worn)
 m - a +0 pair of gloves (worn)
Magical Staves
 j - a staff of cold
Scrolls
 c - a scroll of blinking
 i - a scroll of amnesia {unknown}
 k - 2 scrolls of teleportation {unknown}
 l - a scroll of identify {unknown}
 p - a scroll of summoning {unknown}
Potions
 f - a potion of cancellation {unknown}
 g - a potion of curing {unknown}
 n - a potion of attraction {unknown}
 o - a potion of flight {unknown}


   Skills:
 + Level 4.6 Fighting
 + Level 1.1 Short Blades
 + Level 1.1 Long Blades
 + Level 1.1 Axes
 + Level 1.1 Maces & Flails
 + Level 4.6 Polearms
 + Level 1.1 Staves
 + Level 1.1 Slings
 + Level 1.1 Bows
 + Level 1.1 Crossbows
 + Level 2.7 Throwing
 + Level 2.7 Armour
 + Level 4.6 Dodging
 + Level 1.1 Stealth
 + Level 1.1 Shields
 + Level 1.1 Unarmed Combat
 + Level 5.1 Spellcasting
 + Level 0.9 Conjurations
 + Level 0.9 Hexes
 + Level 0.9 Summonings
 + Level 0.9 Necromancy
 + Level 5.4 Translocations
 + Level 0.9 Transmutations
 + Level 0.9 Fire Magic
 + Level 0.9 Ice Magic
 + Level 0.9 Air Magic
 + Level 0.9 Earth Magic
 + Level 0.9 Poison Magic
 + Level 1.2 Invocations
 + Level 1.1 Evocations


You had 11 spell levels left.
You knew the following spells:

 Your Spells              Type           Power      Damage    Failure   Level
a - Blink                 Tloc           32%        N/A       4%          2

Your spell library contained the following spells:

 Spells                   Type           Power      Damage    Failure   Level
 Gell's Gravitas          Tloc           16%        N/A       8%          3
 Lesser Beckoning         Tloc           16%        N/A       8%          3
 Teleport Other           Tloc           16%        N/A       8%          3
 Magic Dart               Conj           20%        1d4       17%         1
 Searing Ray              Conj           10%        2d4       26%         2
 Manifold Assault         Tloc           16%        N/A       58%         5
 Fulminant Prism          Conj/Hex       2%         3d6       86%         4


Dungeon Overview and Level Annotations

Branches:
Dungeon (3/15)

Altars:

Annotations:
D:3 3 runed translucent doors, exclusion: 3 doors, kthxbai's ghost, amateur DEFE


Innate Abilities, Weirdness & Mutations

You have very sharp teeth.
Your uncanny sense of smell can sniff out nearby items.
Your experience applies equally to all skills.


Message History

The gnoll hits you from afar with a +0 halberd!
The gnoll hits you from afar with a +0 halberd.
You reach to attack!
You hit the gnoll but do no damage.
The gnoll is moderately wounded.
The gnoll hits you from afar with a +0 halberd.
You reach to attack!
You hit the gnoll.
The gnoll is moderately wounded.
The gnoll hits you from afar with a +0 halberd!
You are too injured to fight recklessly!
You are too injured to fight recklessly!
You are too injured to fight recklessly!
You are too injured to fight recklessly!
You are too injured to fight recklessly!
Reach: a) +0 spear
Press: ? - help, Dir - move target, f/p - gnoll
Aim: a gnoll, wielding a +0 halberd (moderately wounded, about 32% to evade your +0 spear)
You reach to attack!
You hit the gnoll.
The gnoll is heavily wounded.
The gnoll misses you.
Reach: a) +0 spear
Press: ? - help, Dir - move target, f/p - gnoll
Aim: a gnoll, wielding a +0 halberd (heavily wounded, about 32% to evade your +0 spear)
You reach to attack!
You closely miss the gnoll.
The gnoll is heavily wounded.
The gnoll hits you from afar with a +0 halberd!
* * * LOW HITPOINT WARNING * * *
Reach: a) +0 spear
Press: ? - help, Dir - move target, f/p - gnoll
Aim: a gnoll, wielding a +0 halberd (heavily wounded, about 32% to evade your +0 spear)
You reach to attack!
You barely miss the gnoll.
The gnoll is heavily wounded.
Unknown command.
Reach: a) +0 spear
Press: ? - help, Dir - move target, f/p - gnoll
Aim: a gnoll, wielding a +0 halberd (heavily wounded, about 32% to evade your +0 spear)
You reach to attack!
You hit the gnoll but do no damage.
The gnoll is heavily wounded.
The gnoll closely misses you.
The gnoll hits you from afar with a +0 halberd!
You die...

.#######....<......#.#
#.# #.##
##.#.........<#.#
#.#####
##.###.##.....######.##
#......
##...####...###......#
####### ##### ###.#
#.####.## #.# #.# #..#
#.# #.# ##.## ###g###.#
##..### ### #.....#@#
#.....# ..# #...g.#.#
#.....####### #.#
#.....#g#
###+++###..... #.#
#....g#.#
#...ZZ..#.###.
#.########.....#g#
##.....##.# ##
#.#.............g#
#.......#.#
.....#####.###.###
##.$/..##.# #.#.## #.#
#.# ..#.#..#.# #.#.#
#.# #.# #########.#


You could see 3 gnolls.

Vanquished Creatures
  3 adders (D:2)
  A dart slug (D:2)
  12 bats
  4 endoplasms
  3 giant cockroaches (D:1)
  4 goblins
  7 hobgoblins
  3 jackals (D:2)
  2 kobolds (D:1)
  3 quokkas
  5 ball pythons
  A frilled lizard (D:1)
  4 rats
52 creatures vanquished.

Vanquished Creatures (others)
  4 withered plants (D:2)
4 creatures vanquished.

Grand Total: 56 creatures vanquished

Notes
Turn   | Place    | Note
-------+----------+-------------------------------------------
     0 | D:1      | Ablot the Gnoll Warper began the quest for the Orb.
     0 | D:1      | Reached XP level 1. HP: 20/20 MP: 6/6
   184 | D:1      | Reached XP level 2. HP: 24/26 MP: 7/7
   187 | D:1      | Learned a level 2 spell: Blink
   739 | D:1      | Reached XP level 3. HP: 31/31 MP: 9/9
  1188 | D:2      | Reached skill level 5 in Spellcasting
  1493 | D:2      | Found a faded altar of an unknown god.
  1512 | D:2      | Reached skill level 1 in Invocations
  1516 | D:2      | HP: 1/31 [adder (1)]
  1518 | D:2      | Reached skill level 1 in Short Blades
  1518 | D:2      | Reached skill level 1 in Long Blades
  1518 | D:2      | Reached skill level 1 in Axes
  1518 | D:2      | Reached skill level 1 in Maces & Flails
  1518 | D:2      | Reached skill level 1 in Staves
  1518 | D:2      | Reached skill level 1 in Slings
  1518 | D:2      | Reached skill level 1 in Bows
  1518 | D:2      | Reached skill level 1 in Crossbows
  1518 | D:2      | Reached skill level 1 in Stealth
  1518 | D:2      | Reached skill level 1 in Shields
  1518 | D:2      | Reached skill level 1 in Unarmed Combat
  1518 | D:2      | Reached skill level 1 in Evocations
  1981 | D:2      | Reached XP level 4. HP: 38/38 MP: 11/11
  2774 | D:3      | Found a runed translucent gate.
  2774 | D:3      | Found a runed translucent gate.
  2774 | D:3      | Found a runed translucent gate.
  2781 | D:3      | Noticed kthxbai's ghost (amateur DEFE)
  2880 | D:3      | HP: 1/38 [gnoll/+0 halberd (14)]
  3734 | D:3      | Slain by a gnoll

Illustrated notes

Levels and vault maps discovered:
D:1:      ncdulo_halloftheorcs, layout_basic, chequers_serial_rivers_small_b,
          hangedman_decor_clover_reticule, minmay_misc_feat_diagonals,
          kennysheep_minor_cross
D:2:      layout_basic, ebering_ecumenical_altar_petrified, minmay_fountain_box,
          minmay_tree_intersection, dk_noncrumbling_4
D:3:      layout_loops_ring, gammafunk_ghost_necromancy

Skill      XL: |  1  2  3 |
---------------+----------+-----
Spellcasting   | 5 |  5.1
Invocations    | 1 |  1.2
Short Blades   | 1 |  1.1
Long Blades    | 1 |  1.1
Axes           | 1 |  1.1
Maces & Flails | 1 |  1.1
Staves         | 1 |  1.1
Slings         | 1 |  1.1
Bows           | 1 |  1.1
Crossbows      | 1 |  1.1
Stealth        | 1 |  1.1
Shields        | 1 |  1.1
Unarmed Combat | 1 |  1.1
Evocations     | 1 |  1.1
Fighting       | |  4.6
Polearms       | |  4.6
Throwing       | |  2.7
Armour         | |  2.7
Dodging        | |  4.6
Conjurations   | |  0.9
Hexes          | |  0.9
Summonings     | |  0.9
Necromancy     | |  0.9
Translocations | |  5.4
Transmutations | |  0.9
Fire Magic     | |  0.9
Ice Magic      | |  0.9
Air Magic      | |  0.9
Earth Magic    | |  0.9
Poison Magic   | |  0.9

Action                   |  1- 3 |  4- 6 || total
-------------------------+-------+-------++-------
Melee: Spear             |   125 |    80 ||   205
       Bite              |     7 |     6 ||    13
       Punch             |     3 |       ||     3
 Stab: Sleeping          |     1 |     3 ||     4
Armor: Leather armour    |    22 |    17 ||    39
Dodge: Dodged            |    72 |    45 ||   117
